 Dungeon Crawl Stone Soup version 0.30-a0-857-gcaf7073 (webtiles) character file.

Game seed: 2284901376364830678

84 Illumine the Digger (level 4, 0/24 HPs)
             Began as a Gargoyle Earth Elementalist on Mar 5, 2023.
             Slain by a gnoll
             ... wielding a +0 flail of protection
              (7 damage)
             ... on level 3 of the Dungeon.
             The game lasted 00:03:01 (2282 turns).

Illumine the Digger (Gargoyle Earth Elementalist)   Turns: 2282, Time: 00:03:02

Health: 0/24       AC:  5    Str: 12    XL:     4   Next: 46%
Magic:  2/8        EV: 11    Int: 17    God:
Gold:   124        SH:  0    Dex: 10    Spells: 5/9 levels left

rFire   . . .      SeeInvis .    f - +0 flail
rCold   . . .      Faith    .    (no shield)
rNeg    + . .      Spirit   .    a - +0 robe
rPois   ∞          Reflect  .    (no helmet)
rElec   +          Rampage  .    (no cloak)
rCorr   .                        (no gloves)
Will    .....                    (no boots)
Stlth   ++                       (no amulet)
HPRegen 0.24/turn                (no ring)
MPRegen 0.11/turn                (no ring)

@: no status effects
A: sickness immunity, AC +3, negative energy resistance 1, electricity
resistance, torment resistance 1, petrification resistance
a: no special abilities


You were on level 3 of the Dungeon.
You visited 1 branch of the dungeon, and saw 3 of its levels.

You collected 124 gold pieces.

Inventory:

Hand Weapons
 f - a +0 flail (weapon)
Missiles
 n - 3 poisoned darts
Armour
 a - a +0 robe (worn)
Jewellery
 k - a ring of ice
Wands
 o - a wand of flame (8)
Scrolls
 d - 2 scrolls of magic mapping {unknown}
 g - a scroll of fear {unknown}
 i - 4 scrolls of identify {unknown}
 j - a scroll of noise {unknown}
 l - a scroll of teleportation {unknown}
 m - a scroll of poison {unknown}
Potions
 b - a potion of magic
 c - 2 potions of attraction {unknown}
 e - 2 potions of haste {unknown}
 h - a potion of brilliance {unknown}
 p - a potion of curing {unknown}
 q - a potion of mutation {unknown}


   Skills:
 - Level 1.5 Dodging
 - Level 2.1 Stealth
 + Level 3.2 Spellcasting
 * Level 0.5 Conjurations
 - Level 0.7 Transmutations
 + Level 5.0 Earth Magic


You had 5 spell levels left.
You knew the following spells:

 Your Spells              Type           Power      Damage    Failure   Level
a - Sandblast             Erth           38%        2d10      2%          1
b - Stone Arrow           Conj/Erth      24%        3d8       17%         3

Your spell library contained the following spells:

 Spells                   Type           Power      Damage    Failure   Level
 Passwall                 Tmut/Erth      10%        N/A       8%          2
 Foxfire                  Conj/Fire      12%        2x1d4     16%         1
 Petrify                  Tmut/Erth      12%        N/A       45%         4
 Animate Armour           Summ/Erth      22%        N/A       52%         4
 Fireball                 Conj/Fire      1%         3d3       99%         5
 Starburst                Conj/Fire      1%         6d3       100%        6
 Lehudib's Crystal Spear  Conj/Erth      6%         10d3      100%        8


Dungeon Overview and Level Annotations

Branches:
Dungeon (3/15)

Altars:


Innate Abilities, Weirdness & Mutations

You are immune to sickness and miasma.
Your stone body is resilient. (AC +3)
You are immune to poison.
You resist negative energy. (rN+)
You are resistant to electric shocks. (rElec)
You are resistant to unholy torment.
You are immune to petrification.


Message History

The gnoll hits you but does no damage.
Casting: Sandblast (safe; 2% risk of failure)
Confirm with . or Enter, or press ? or * to list all spells.
Aiming: Sandblast (safe; 2% risk of failure)
Press: ? - help, Shift-Dir - straight line, f/p - gnoll
Aim: a gnoll, wielding a +0 flail of protection (84% to hit)
The blast of sand hits the gnoll.
The gnoll is lightly wounded.
The gnoll drinks a potion.
The gnoll seems to grow stronger.
The gnoll hits you with a +0 flail of protection!
Ouch! That really hurt!
Casting: Sandblast (safe; 2% risk of failure)
Confirm with . or Enter, or press ? or * to list all spells.
Aiming: Sandblast (safe; 2% risk of failure)
Press: ? - help, Shift-Dir - straight line, f/p - gnoll
Aim: a gnoll, wielding a +0 flail of protection (lightly wounded, strong, 84% to hit)
The blast of sand misses the gnoll.
The blast of sand hits the gnoll.
The gnoll is lightly wounded.
The gnoll hits you with a +0 flail of protection.
Casting: Sandblast (safe; 2% risk of failure)
Confirm with . or Enter, or press ? or * to list all spells.
Aiming: Sandblast (safe; 2% risk of failure)
Press: ? - help, Shift-Dir - straight line, f/p - gnoll
Aim: a gnoll, wielding a +0 flail of protection (lightly wounded, strong, 84% to hit)
The blast of sand hits the gnoll but does no damage.
The gnoll is lightly wounded.
The gnoll barely misses you. The gnoll closely misses you.
The gnoll hits you with a +0 flail of protection.
* * * LOW HITPOINT WARNING * * *
The gnoll completely misses you.
Casting: Sandblast (safe; 2% risk of failure)
Confirm with . or Enter, or press ? or * to list all spells.
Aiming: Sandblast (safe; 2% risk of failure)
Press: ? - help, Shift-Dir - straight line, f/p - gnoll
Aim: a gnoll, wielding a +0 flail of protection (lightly wounded, strong, 84% to hit)
The blast of sand hits the gnoll!
The gnoll is severely wounded.
The gnoll hits you but does no damage.
The gnoll hits you with a +0 flail of protection!
You die...

####### #........# #.....#
#........# #.....# #........#
#.....# #........#
#.....########........# ##
#.....>...............# ##.#
#.....†.#####.........# ...
#.....#.....##........####.#
#.....#####..@gg.###.......##.
####### ######......#....>^.
####...#.....## ####.......>.
########### #####....#.##.###
....#.....####
......##.(.##.###
....##........
.................
..............
####.......####.
.....######### #......<#


You could see 2 gnolls.

Vanquished Creatures
  A gnoll (D:2)
  2 adders (D:2)
  A worm (D:2)
  A dart slug (D:1)
  3 endoplasms
  4 giant cockroaches
  5 goblins
  4 hobgoblins (D:1)
  8 jackals (D:1)
  2 quokkas
  4 ball pythons
  A bat (D:3)
  6 frilled lizards
  2 kobolds
  6 rats
50 creatures vanquished.

Notes
Turn   | Place    | Note
-------+----------+-------------------------------------------
     0 | D:1      | Illumine the Gargoyle Earth Elementalist began the quest
                  | for the Orb.
     0 | D:1      | Reached XP level 1. HP: 10/10 MP: 3/3
    51 | D:1      | Found a faded altar of an unknown god.
   105 | D:1      | Reached XP level 2. HP: 15/15 MP: 1/5
   115 | D:1      | Reached skill level 4 in Earth Magic
   417 | D:1      | Reached XP level 3. HP: 19/19 MP: 2/6
  1044 | D:2      | You fall into a shaft and drop 1 floor!
  1280 | D:2      | Identified the +5 ring mail of Liberty {Rampage rF+}
  1605 | D:2      | Reached XP level 4. HP: 20/24 MP: 3/8
  1806 | D:2      | Reached skill level 5 in Earth Magic
  1810 | D:2      | Learned a level 3 spell: Stone Arrow
  2282 | D:3      | Slain by a gnoll

Illustrated notes

Levels and vault maps discovered:
D:1:      scummos_arrival_simple_fountains, layout_basic,
          dreamdust_ecumenical_altar_statues, minmay_tromino_i4
D:2:      layout_loops_corners
D:3:      layout_rooms, mainiacjoe_overflow_brackets

Skill      XL: |  1  2  3  4 |
---------------+-------------+-----
Earth Magic    | 4 5 |  5.0
Spellcasting   | 3 |  3.2
Dodging        | |  1.5
Stealth        | |  2.1
Conjurations   | |  0.5
Transmutations | |  0.7

Action                     |  1- 3 |  4- 6 || total
---------------------------+-------+-------++-------
  Melee: Club              |    13 |       ||    13
         Flail             |       |     1 ||     1
   Cast: Sandblast         |    56 |    22 ||    78
 Armour: Robe              |    12 |     7 ||    19
  Dodge: Dodged            |    22 |    16 ||    38

Table legend: (Time is in decaauts)
 A = Elapsed time spent in this place.
 B = Non-inter-level travel time spent in this place.
 C = Inter-level travel time spent in this place.
 D = Time resting spent in this place.
 E = Time spent auto-exploring this place.
 F = Levels seen in this place.
 G = Mean time per level.
                   A        B        C        D        E       F      G
               +--------+--------+--------+--------+--------+-----+--------+
         Total |   2323 |   2224 |     99 |    164 |   1752 |   3 |  774.3 |
       Dungeon |   2323 |   2224 |     99 |    164 |   1752 |   3 |  774.3 |
               +--------+--------+--------+--------+--------+-----+--------+

Top non-repeatable levels by time:
     D:2: 1230 daAuts
     D:1: 945 daAuts
     D:3: 148 daAuts
